AoeStats
← DSLG | Mr.Olivaz

Arabia

508084259Analyzed
2v2 RM · 12d ago on Sep 20, 2026· 44m 41s· 4 players
Game mode
Random Map
Map size
Medium (4 player)
Population
200
Speed
Normal
Resources
Standard
Victory
Conquest
Starting age
Dark Age
Ending age
Imperial Age
RankedLock teamsTeams togetherTeam positionsShared explorationLock speedFull tech treeHidden civsTurbo modeCheats
Victory
Defeat
🇨🇱 Khmer · Chile
995
+14
🇺🇾 Spanish · Uruguay
940
+17
🇺🇸 Vikings · United States
957
-16
🇲🇽 Persians · Mexico
956
-15
Petrucci!
9:02 Loom
11:30 Feudal Age
12:17 Double-Bit Axe
15:40 Forging
18:50 Wheelbarrow
20:45 Castle Age
18:47 Horse Collar
20:07 Scale Barding Armor
19:57 Stone Mining
20:52 Bloodlines
20:51 Gold Mining
24:41 Stone Shaft Mining
30:06 Padded Archer Armor
31:02 Leather Archer Armor
35:13 Fletching
36:26 Wheelbarrow
38:35 Imperial Age
36:55 Iron Casting
36:22 Light Cavalry
37:40 Bow Saw
38:59 Ballistics
40:28 Chemistry
42:21 Conscription
CAPITÁN PERRO
0:27 Loom
9:36 Feudal Age
10:54 Wheelbarrow
10:04 Town Watch
14:33 Horse Collar
14:51 Double-Bit Axe
19:07 Castle Age
17:30 Gold Mining
17:30 Stone Mining
18:27 Bloodlines
20:28 Bow Saw
21:53 Heavy Plow
23:21 Hand Cart
29:09 Stone Mining
31:43 Town Patrol
34:16 Imperial Age
31:20 Light Cavalry
32:01 Husbandry
32:36 Ballistics
32:12 Murder Holes
32:23 Scale Barding Armor
32:18 Scale Mail Armor
32:29 Forging
34:21 Heavy Scorpion
34:58 Heated Shot
36:46 Crop Rotation
37:43 Double Crossbow
38:45 Chain Barding Armor
39:34 Chemistry
40:30 Hussar
42:11 Conscription
DSLG | Mr.Olivaz
1:41 Loom
10:37 Feudal Age
16:28 Castle Age
17:20 Pikeman
19:22 Stone Mining
21:39 Double-Bit Axe
26:57 Gold Mining
26:51 Horse Collar
29:20 Town Watch
30:17 Fletching
34:35 Bodkin Arrow
35:20 Bow Saw
35:32 Heavy Plow
36:13 Elite Skirmisher
39:39 Imperial Age
38:11 Ballistics
39:43 Scale Mail Armor
39:54 Forging
40:57 Conscription
41:21 Capped Ram
42:44 Chieftains
Darkfield
11:12 Feudal Age
16:23 Castle Age
16:37 Loom
19:56 Town Watch
19:58 Double-Bit Axe
20:05 Horse Collar
22:22 Wheelbarrow
22:14 Stone Mining
26:16 Hand Cart
25:40 Pikeman
26:06 Gambesons
26:22 Squires
33:43 Imperial Age
31:43 Fervor
31:49 Bow Saw
31:25 Crossbowman
32:09 Fletching
32:23 Heavy Plow
36:00 Conscription
36:44 Chemistry
36:00 Gold Mining
37:31 Two-Man Saw
39:26 Kamandaran
39:53 Ballistics
39:41 Thumb Ring
40:56 Bodkin Arrow
41:04 Padded Archer Armor
42:45 Leather Archer Armor
Connection lost

Rejoining the realm…

Still unreachable

The connection could not be restored.

Session expired

The server has moved on; the page needs a fresh start.